 Dungeon Crawl Stone Soup version 0.30-a0-738-g116ff8c4af (webtiles) character file.

Game seed: 16358073227384712365

33 cforsyth the Ducker (level 3, -1/21 HPs)
             Began as a Tengu Hexslinger on Feb 3, 2023.
             Slain by an orc
             ... wielding a +0 club
              (3 damage)
             ... on level 2 of the Dungeon.
             The game lasted 00:02:31 (1113 turns).

cforsyth the Ducker (Tengu Hexslinger)              Turns: 1113, Time: 00:02:31

Health: -1/21      AC:  2    Str: 10    XL:     3   Next: 29%
Magic:  5/5        EV: 13    Int: 13    God:
Gold:   70         SH:  0    Dex: 16    Spells: 3/4 levels left

rFire   . . .      SeeInvis .    a - +1 sling
rCold   . . .      Faith    .    (no shield)
rNeg    . . .      Spirit   .    c - +0 robe
rPois   .          Reflect  .    (helmet restricted)
rElec   .          Harm     .    (no cloak)
rCorr   .          Rampage  .    (no gloves)
Will    .....                    (boots unavailable)
Stlth   +                        (no amulet)
HPRegen 0.23/turn                (no ring)
MPRegen 0.09/turn                (no ring)

@: confused, attractive, flying
A: beak, talons 3
a: no special abilities


You were on level 2 of the Dungeon.
You visited 1 branch of the dungeon, and saw 3 of its levels.

You collected 70 gold pieces.

Inventory:

Hand Weapons
 a - a +1 sling (weapon)
Armour
 c - a +0 robe (worn)
Jewellery
 l - a ring of willpower
Scrolls
 b - a scroll of poison
 f - a scroll of magic mapping {unknown}
 h - a scroll of blinking {unknown}
 i - a scroll of enchant armour {unknown}
 j - a scroll of torment {unknown}
 n - a scroll of noise {unknown}
 q - 2 scrolls of identify {unknown}
 s - a scroll of fog {unknown}
Potions
 d - a potion of lignification {unknown}
 e - 2 potions of attraction
 g - a potion of ambrosia {unknown}
 k - a potion of heal wounds {unknown}
 m - a potion of flight
 o - a potion of berserk rage {unknown}
 p - a potion of might {unknown}
 r - a potion of mutation {unknown}


   Skills:
 + Level 1.8 Fighting
 + Level 2.8 Ranged Weapons
 + Level 2.8 Dodging
 - Level 1.0 Spellcasting
 - Level 2.2 Hexes


You had 3 spell levels left.
You knew the following spells:

 Your Spells              Type           Power      Damage    Failure   Level
a - Slow                  Hex            24%        N/A       11%         1

Your spell library contained the following spells:

 Spells                   Type           Power      Damage    Failure   Level
 Sublimation of Blood     Necr           0%         N/A       38%         2
 Wereblood                Tmut           0%         N/A       38%         2
 Inner Flame              Hex/Fire       3%         N/A       47%         3
 Portal Projectile        Hex/Tloc       6%         N/A       47%         3
 Cause Fear               Hex            3%         N/A       73%         4
 Summon Hydra             Summ           0%         N/A       100%        7


Dungeon Overview and Level Annotations

Branches:
Dungeon (3/15)

Altars:


Innate Abilities, Weirdness & Mutations

You have a beak for a mouth.
You have claws for feet.


Message History

You are too injured to fight recklessly!
You are too injured to fight recklessly!
You are too injured to fight recklessly!
The orc hits you with a +0 club. The orc misses you.
The orc wizard hits you but does no damage.
You climb upwards.
There is a stone staircase leading down here.
You are too injured to fight recklessly!
Fire: a) +1 sling
Press: ? - help, Shift-Dir - straight line, f - orc wizard
Aim: an orc wizard, wielding a +0 dagger and wearing a +0 robe (lightly wounded, 51% to hit)
You shoot a sling bullet.
The sling bullet barely misses the orc wizard.
The orc wizard hits you with a +0 dagger.
The orc hits you with a +0 club.
* * * LOW HITPOINT WARNING * * *
The orc wizard casts a spell at you.
You are confused.
The orc closely misses you.
You shoot a sling bullet. The sling bullet hits the orc.
The orc is heavily wounded.
The orc wizard gestures at you while chanting.
You resist with significant effort. The orc completely misses you.
Unknown command.
You bump into the rock wall.
The orc wizard hits you with a +0 dagger.
* * * LOW HITPOINT WARNING * * *
The orc closely misses you.
Unknown command.
It was a potion of attraction.
You feel attractive to monsters.
The orc wizard hits you with a +0 dagger.
* * * LOW HITPOINT WARNING * * *
The orc hits you but does no damage.
Unknown command.
It was a potion of flight.
You feel very buoyant.
You fly up into the air.
The orc wizard closely misses you. The orc hits you with a +0 club.
You die...

.......#####.###
...#'##........#
.........###[..#
.....##..###...#
...####....##..#
##.####..####..########
.....................†#
#######...#....########
..............oo@#
##......#.#.##.#o#
######.#.#.##.#.#
#..#.#.##.#.#
#..#.#.##.#.#
#..#.#.##.#.#
#..#.#.##.#.#
#...........#
#..#.#.####.######


You could see an orc wizard and 2 orcs.

Vanquished Creatures
  A worm (D:2)
  4 dart slugs (D:1)
  A ball python (D:2)
  5 bats
  An endoplasm (D:1)
  A giant cockroach (D:2)
  A goblin (D:1)
  3 frilled lizards
  4 kobolds (D:1)
  3 rats
24 creatures vanquished.

Notes
Turn   | Place    | Note
-------+----------+-------------------------------------------
     0 | D:1      | cforsyth the Tengu Hexslinger began the quest for the Orb.
     0 | D:1      | Reached XP level 1. HP: 12/12 MP: 3/3
    95 | D:1      | Reached XP level 2. HP: 16/16 MP: 4/4
   522 | D:1      | Reached XP level 3. HP: 21/21 MP: 5/5
  1113 | D:2      | Slain by an orc

Illustrated notes

Levels and vault maps discovered:
D:1:      psy_arrival_spokes, layout_basic
D:2:      layout_basic
D:3:      layout_basic, cheibrodos_ashenzari_chains

Action                     || total
---------------------------++-------
   Fire: Sling             ||    83
    Use: Potion            ||     2
 Armour: Robe              ||     8
  Dodge: Dodged            ||    38

Table legend: (Time is in decaauts)
 A = Elapsed time spent in this place.
 B = Non-inter-level travel time spent in this place.
 C = Inter-level travel time spent in this place.
 D = Time resting spent in this place.
 E = Time spent auto-exploring this place.
 F = Levels seen in this place.
 G = Mean time per level.
                   A        B        C        D        E       F      G
               +--------+--------+--------+--------+--------+-----+--------+
         Total |   1135 |   1100 |     35 |      0 |    939 |   3 |  378.3 |
       Dungeon |   1135 |   1100 |     35 |      0 |    939 |   3 |  378.3 |
               +--------+--------+--------+--------+--------+-----+--------+

Top non-repeatable levels by time:
     D:1: 569 daAuts
     D:2: 555 daAuts
     D:3: 10 daAuts
